 Dungeon Crawl Stone Soup version 0.30-b1-2-g02819fbbbe (webtiles) character file.

Game seed: 1941845664114609656

4895 LLlMATKO the Fighter (level 10, 0/91 HPs)
             Began as a Minotaur Berserker on Sept 17, 2023.
             Was a High Priest of Trog.
             Slain by a yak (13 damage)
             ... on level 8 of the Dungeon.
             The game lasted 00:07:34 (8942 turns).

LLlMATKO the Fighter (Minotaur Berserker)           Turns: 8942, Time: 00:07:35

Health: 0/91       AC: 17    Str: 25    XL:     10   Next: 26%
Magic:  3/3        EV: 19    Int:  4    God:    Trog [*****.]
Gold:   384        SH:  5    Dex: 11    Spells: 9/9 levels left

rFire   . . .        w - +2 war axe (antimagic)
rCold   . . .        E - +0 buckler
rNeg    . . .        N - +0 plate armour
rPois   .            S - +1 hat
rElec   .            F - +0 cloak
rCorr   .            O - +0 pair of gloves
SInv    .            (no boots)
Will    .....        (no amulet) Stlth
                     n - +5 ring of evasion
HPRegen 0.35/turn    Q - +5 ring of evasion
MPRegen 0.08/turn

%: no passive effects
@: silenced, weak-willed
A: horns 2, retaliatory headbutt
a: Renounce Religion


You were on level 8 of the Dungeon.
You worshipped Trog.
Trog was extremely pleased with you.
You visited 1 branch of the dungeon, and saw 9 of its levels.
You also visited: Ossuary.

You collected 384 gold pieces.

Inventory:

Hand Weapons
 b - a +0 battleaxe
 e - a +2 hand axe of freezing
 j - a +1 war axe of venom
 w - a +2 antimagic war axe (weapon)
 x - a +0 antimagic spear
 z - a +0 war axe
Missiles
 f - 25 poisoned darts (quivered)
 l - 5 javelins
 y - 3 throwing nets
 R - a curare-tipped dart
Armour
 C - the +1 leather armour of Weirdness {rPois}
   (You found it on level 4 of the Dungeon)

   rPois:     It protects you from poison.
 E - a +0 buckler (worn)
 F - a +0 cloak (worn)
 N - a +0 plate armour (worn)
 O - a +0 pair of gloves (worn)
 S - a +1 hat (worn)
 T - a +0 chain mail of cold resistance
Jewellery
 n - a +5 ring of evasion (left hand)
 J - a ring of resist corrosion
 Q - a +5 ring of evasion (right hand)
Wands
 a - a wand of roots (7)
 D - a wand of mindburst (16)
 P - a wand of flame (17)
Scrolls
 d - 12 scrolls of teleportation
 g - 2 scrolls of poison
 o - 8 scrolls of identify
 q - a scroll of blinking
 r - 3 scrolls of immolation
 H - a scroll of fear
 L - a scroll of brand weapon
Potions
 c - a potion of flight {unknown}
 h - 4 potions of curing {unknown}
 i - 3 potions of ambrosia {unknown}
 k - 3 potions of lignification {unknown}
 m - 2 potions of brilliance {unknown}
 p - 2 potions of cancellation {unknown}
 s - a potion of degeneration {unknown}
 t - 3 potions of mutation {unknown}
 v - 4 potions of heal wounds
 A - a potion of attraction {unknown}
 B - 3 potions of might {unknown}


   Skills:
 + Level 9.3 Fighting
 + Level 9.3 Axes
 + Level 8.8 Armour
 + Level 8.1 Dodging
 + Level 6.1 Shields


You had 9 spell levels left.
You didn't know any spells.
Your spell library was empty.

Dungeon Overview and Level Annotations

Branches:
Dungeon (9/15)             Temple (0/1) D:7         Ossuary (visited)
   Lair: D:8-11         Orc: D:9-12

Altars:
Cheibriados
Elyvilon
Gozag
Hepliaklqana
Makhleb
Nemelex Xobeh
Okawaru
Ru
Trog
Yredelemnul
The Shining One

Shops:
D:3 [   D:8 (

Annotations:
D:4 1 runed translucent door


Innate Abilities, Weirdness & Mutations

You have a pair of horns on your head.
You reflexively headbutt those who attack you in melee.


Message History

Your body is wracked with pain!
It was a scroll of torment.
Unknown command.
As you read the scroll labelled MIARI YCHOOH, it crumbles to dust.
It is a scroll of brand weapon.
Your +1 war axe drips with poison.
j - a +1 war axe of venom
As you read the scroll labelled ICKIMUA HOINU, it crumbles to dust.
A profound silence engulfs you.
It was a scroll of silence.
A yak comes into view.
A troll comes into view.
A yak comes into view.
A yak comes into view.
The yak gores you. The troll barely misses you.
You block the troll's attack. x2
You climb upwards.
There is a stone staircase leading down here.
You hit the yak.
The yak is lightly wounded.
You barely miss the troll. The troll closely misses you.
You furiously retaliate!
You headbutt the troll. The troll completely misses you.
You block the troll's attack. The yak gores you!
You completely miss the troll. Your headbutt misses the troll.
The troll is lightly wounded.
You completely miss the yak. You block the troll's attack. The troll claws you.
The troll claws you! The yak gores you but does no damage.
Unknown command.
You closely miss the troll.
You headbutt the troll, but do no damage.
The troll is lightly wounded.
You hit the yak but do no damage. The troll barely misses you.
You furiously retaliate!
You headbutt the troll! The troll misses you. The troll closely misses you.
The yak gores you!
* * * LOW HITPOINT WARNING * * *
The troll closely misses you. You block the troll's attack.
The troll closely misses you. The yak closely misses you.
You hit the troll but do no damage. You headbutt the troll!
The troll is severely wounded.
You slash the yak! The troll misses you. The troll claws you!
* * * LOW HITPOINT WARNING * * *
The troll misses you. The yak gores you!
You die...

.#
#.########.#§§≈§#.####.##..#
.# #.# ##.######..........#
.###.##
#..............###.###
.#....# ##.#####..####.#
#.... ...#..# ##.###.#.#
#.####### ####..# ##.#.##.#
##........ #..# ##.###.#
#.#....### #..#
######.####.#.#.### #..#
#Y@T............... ####
#.####.######..#.#. ###
#.####.######...... ..#
####...##.........#.#. _.#
###....#....(...##...... ..#
##......########.##...###
.### #......##
#########......
..8######.....##
##...#...##.....
.....##......##
##..#[.#..##.....


You could see a yak and a troll.

Vanquished Creatures
  Maggie (D:7)
  A shadow (D:7)
  4 steam dragons
  The ghost of zielscheibe the Chiller, an amateur BaIE (D:4)
  Edmund (D:4)
  3 water moccasins
  Duvessa (D:4)
  4 orc warriors
  2 ice beasts
  3 black bears
  3 ogres
  A centaur (D:6)
  2 bullfrogs
  2 kobold brigands
  2 scorpions
  9 wights (D:8)
  Dowan (D:4)
  5 howler monkeys
  4 centaur zombies (Ossuary)
  5 hounds
  A human zombie (Ossuary)
  2 orc priests
  A gnoll bouda (D:5)
  A jelly (D:6)
  3 iguanas
  5 orc wizards
  An ogre zombie (Ossuary)
  7 mummies (Ossuary)
  7 gnolls
  4 adders
  2 river rats (D:4)
  A white imp (D:5)
  6 adder zombies (Ossuary)
  A worm (D:2)
  3 dart slugs
  26 orcs
  5 ball pythons
  3 bats
  5 endoplasms
  3 giant cockroaches
  A gnoll zombie (Ossuary)
  8 goblins
  4 hobgoblins
  6 jackals
  3 quokkas
  4 frilled lizards
  4 goblin zombies (Ossuary)
  3 hobgoblin zombies (Ossuary)
  13 kobolds
  2 kobold zombies (Ossuary)
  An orc zombie (Ossuary)
  2 quokka zombies (Ossuary)
  5 rats
  5 rat zombies (Ossuary)
203 creatures vanquished.

Notes
Turn   | Place    | Note
-------+----------+-------------------------------------------
     0 | D:1      | LLlMATKO the Minotaur Berserker began the quest for the
                  | Orb.
     0 | D:1      | Reached XP level 1. HP: 19/19 MP: 0/0
   281 | D:1      | Reached XP level 2. HP: 27/27 MP: 1/1
   806 | D:2      | Reached XP level 3. HP: 31/33 MP: 2/2
   835 | D:2      | Reached ** piety under Trog
  1461 | D:3      | Found Muenn's Armour Emporium.
  1471 | D:3      | Found a sparkling altar of Nemelex Xobeh.
  1588 | D:3      | Found a white marble altar of Elyvilon.
  1589 | D:3      | Found an opulent altar of Gozag.
  1670 | D:3      | Found a bloodstained altar of Trog.
  1679 | D:3      | Reached XP level 4. HP: 34/41 MP: 0/3
  1997 | D:3      | Found an iron altar of Okawaru.
  2360 | D:4      | Noticed Edmund
  2368 | D:4      | Killed Edmund
  2369 | D:4      | Reached skill level 5 in Fighting
  2369 | D:4      | Reached skill level 5 in Axes
  2369 | D:4      | Reached XP level 5. HP: 48/48 MP: 4/4
  2415 | D:4      | Identified the +1 leather armour of Weirdness {rPois}
  2416 | D:4      | Found a runed translucent door.
  2419 | D:4      | Noticed zielscheibe's ghost (amateur BaIE)
  2509 | D:4      | Reached XP level 6. HP: 46/56 MP: 5/5
  2548 | D:4      | Found a runed translucent door.
  2623 | D:4      | Noticed Dowan
  2634 | D:4      | Killed Dowan
  2694 | D:4      | Found a sacrificial altar of Ru.
  3011 | D:4      | Noticed Duvessa
  3018 | D:4      | Killed Duvessa
  3284 | D:4      | Reached skill level 5 in Armour
  3284 | D:4      | Reached XP level 7. HP: 54/62 MP: 6/6
  3287 | D:4      | Reached *** piety under Trog
  3303 | D:4      | Killed zielscheibe's ghost
  3360 | D:5      | Entered Level 5 of the Dungeon
  3436 | D:5      | Reached skill level 5 in Dodging
  3464 | D:5      | Found a burning altar of Makhleb.
  3496 | D:5      | Found a basalt altar of Yredelemnul.
  3747 | D:5      | Reached XP level 8. HP: 60/71 MP: 7/7
  4663 | D:6      | Reached skill level 1 in Shields
  6189 | D:7      | Reached XP level 9. HP: 73/80 MP: 2/8
  6214 | D:7      | Found a sand-covered staircase.
  6229 | Ossuary  | Entered an ossuary
  6383 | Ossuary  | Reached **** piety under Trog
  6791 | D:7      | Noticed Maggie
  6807 | D:7      | Killed Maggie
  7130 | D:7      | Found a staircase to the Ecumenical Temple.
  7307 | D:7      | Reached skill level 5 in Shields
  7844 | D:8      | Found Demitedu's Antique Weapon Boutique.
  7989 | D:8      | Reached XP level 10. HP: 55/91 MP: 3/9
  8106 | D:8      | Found a snail-covered altar of Cheibriados.
  8344 | D:8      | Found a hazy altar of Hepliaklqana.
  8423 | D:8      | Found a glowing golden altar of the Shining One.
  8925 | D:9      | Reached ***** piety under Trog
  8942 | D:8      | Slain by a yak

Illustrated notes

Levels and vault maps discovered:
D:1:      minmay_arrival_plants_in_alcoves, layout_basic
D:2:      layout_basic
D:3:      layout_loops_ring, trog_antimagical, mainiacjoe_overflow_alcove_1,
          mainiacjoe_overflow_tiny_flanked, nicolae_overflow_hidden_temple,
          serial_shops, nicolae_shop_tiny_glass
D:4:      layout_loops_ring, mainiacjoe_overflow_catwalk, ebering_ghost_sewer_f,
          uniq_edmund, uniq_duvessa
D:5:      layout_cave_pods, mainiacjoe_overflow_two_lobes, columned_hall_lemuel,
          corexii_corridor_pit
D:6:      layout_layer_cave
D:7:      layout_gridville, minmay_temple_entry_butterflies,
          nicolae_ossuary_entry_monument, uniq_maggie
D:8:      layout_loops_ring, general_overflow_altar,
          nicolae_tso_carved_into_rock, marbit_many_paths,
          serial_co_window_serial, co_window_corner_a,
          co_window_of_opportunity_a, co_window_paths_a,
          co_window_of_opportunity_a, co_window_corner_a, co_window_paths_a,
          co_window_cross_2, co_window_cross_3, co_window_of_opportunity_b,
          co_window_paths_d, glass_columns_a, glass_columns_b, glass_columns_b,
          glass_columns_a, glass_columns_a, serial_shops,
          nicolae_shop_overgrown_old_shop
D:9:      layout_loops_ring, minmay_lair_entry_lava, enter_bailey_2,
          minmay_hedge_maze, minmay_the_grid_2x2 [minmay_the_grid_tiny_cups,
          minmay_the_grid_large_cup, minmay_the_grid_minigrid_small_alt,
          minmay_the_grid_prize_diamond_cup]

Skill      XL: |  1  2  3  4  5  6  7  8  9 10 |
---------------+-------------------------------+-----
Fighting       | 4 5 6 7 9 |  9.3
Axes           | 4 5 6 7 9 |  9.3
Armour         | 3 4 5 6 7 8 |  8.8
Dodging        | 3 4 5 6 7 8 |  8.1
Shields        | 3 5 6 |  6.1

Action                     |  1- 3 |  4- 6 |  7- 9 | 10-12 || total
---------------------------+-------+-------+-------+-------++-------
  Melee: Battleaxe         |    85 |    56 |    29 |       ||   170
         Hand axe          |     3 |       |       |       ||     3
         Headbutt          |    12 |     8 |    55 |    12 ||    87
         War axe           |       |       |   233 |    59 ||   292
  Throw: Dart              |       |     3 |       |       ||     3
         Throwing net      |       |     1 |       |       ||     1
 Invoke: Berserk           |     1 |     2 |     3 |     1 ||     7
         Trog's Hand       |       |       |     1 |       ||     1
    Use: Scroll            |       |       |     8 |     5 ||    13
 Armour: Chain mail        |    69 |    17 |    64 |       ||   150
         Plate armour      |       |       |     9 |    14 ||    23
  Dodge: Dodged            |    68 |    31 |   167 |    43 ||   309
  Block: Buckler           |       |       |    50 |    20 ||    70
